 Dungeon Crawl Stone Soup version 0.22-a0-533-g4d20840 (webtiles) character file.

92 Gildeon the Insei (level 4, -5/28 HPs)
             Began as an Octopode Transmuter on June 23, 2018.
             Slain by a crocodile (15 damage)
             ... in a sewer.
             The game lasted 00:12:00 (2023 turns).

Gildeon the Insei (Octopode Transmuter)             Turns: 2023, Time: 00:12:01

Health: -5/28      AC:  1    Str: 10    XL:     4   Next: 60%
Magic:  3/7        EV: 13    Int: 15    God:
Gold:   134        SH:  0    Dex: 12    Spells: 2/8 levels left

rFire    + . .     SeeInvis .     - Unarmed
rCold    x . .     Gourm    .   (no shield)
rNeg     . . .     Faith    .   (helmet restricted)
rPois    .         Spirit   .   (no amulet)
rElec    .         Reflect  .   b - ring of fire
rCorr    .         Harm     .   (no ring)
MR       .....                  (no ring)
Stlth    +++.......             (no ring)
HPRegen  0.09/turn              (no ring)
MPRegen  0.10/turn              (no ring)
                                (no ring)
                                (no ring)

@: no status effects
A: almost no armour, stealthy swim, amphibious, 8 rings, constrict 8, camouflage
1, gelatinous body 1
a: no special abilities


You were in a sewer.
You were not hungry.

You visited 1 branch of the dungeon, and saw 3 of its levels.
You also visited: Sewer.

You collected 134 gold pieces.

Inventory:

Missiles
 a - 35 arrows
Jewellery
 b - a ring of fire (left tentacle)
Scrolls
 d - a scroll of random uselessness {unknown}
 f - a scroll of teleportation {unknown}
 h - 2 scrolls of remove curse
 i - a scroll of immolation {unknown}
 j - a scroll of blinking {unknown}
 q - a scroll of magic mapping {unknown}
Potions
 e - a potion of resistance
 g - 2 potions of haste
 k - a potion of flight {unknown}
 m - 2 potions of heal wounds {unknown}
 n - a potion of degeneration {unknown}
 o - a potion of curing {unknown}
 p - a potion of magic {unknown}
Comestibles
 c - 3 rations


   Skills:
 + Level 1.6 Fighting
 + Level 2.5 Dodging
 + Level 2.0 Stealth
 + Level 3.4 Unarmed Combat
 + Level 2.5 Spellcasting
 + Level 2.6 Transmutations
 + Level 0.7 Poison Magic


You had 2 spell levels left.
You knew the following spells:

 Your Spells              Type           Power        Failure   Level  Hunger
a - Beastly Appendage     Tmut           #.....       7%          1    #......
b - Sticks to Snakes      Tmut           #.......     11%         2    ###....
c - Spider Form           Tmut/Pois      #.........   30%         3    ###....

Your spell library contained the following spells:

 Spells                   Type           Power        Failure   Level  Hunger
 Blade Hands              Tmut           #.........   89%         5    ######.
 Ice Form                 Ice/Tmut       #.......     77%         4    #####..


Dungeon Overview and Level Annotations

Branches:
Dungeon (3/15)

Altars:


Innate Abilities, Weirdness & Mutations

You cannot wear most types of armour.
You are very stealthy in the water. (Stealth+)
You are amphibious.
You can wear up to eight rings at the same time.
You can use your tentacles to constrict eight enemies at once.
Your skin changes colour to match your surroundings (Stealth+).
Your rubbery body absorbs attacks. (AC +1, EV +1)


Message History

You barely miss the crocodile. The crocodile bites you!
Ouch! That really hurt!
* * * LOW HITPOINT WARNING * * *
You swap places.
Your adder bites the crocodile.
The crocodile bites your adder!
You swap places.
Your adder completely misses the crocodile.
The crocodile bites your adder!
Your adder dies!
All of the chunks of flesh in your inventory have rotted away.
The crocodile closely misses your ball python.
Your ball python barely misses the crocodile.
Your ball python closely misses the crocodile.
The crocodile bites your ball python!!
Your ball python dies!
Your tentacle spike disappears.
There is an empty arch of ancient stone here.
The crocodile bites you!
Ouch! That really hurt!
You die...

.# .# .# .# #######
.# ##.....## .#
##...≈...##
.#######...≈≈≈...##
..........≈≈≈≈≈t∩.#
.#######...≈≈≈..@##
.# ##...≈...## .#
##.....## .#
####### t..# ....#
....# ....# ....#


You could see a crocodile.

Vanquished Creatures
  3 adders (D:3)
  A worm (D:2)
  3 dart slugs
  4 leopard geckos
  5 giant cockroaches
  2 goblins (D:1)
  5 hobgoblins
  4 jackals
  7 kobolds
  8 bats
  2 frilled lizards
  7 rats
51 creatures vanquished.

Notes
Turn   | Place    | Note
-------+----------+-------------------------------------------
     0 | D:1      | Gildeon the Octopode Transmuter began the quest for the Orb.
     0 | D:1      | Reached XP level 1. HP: 13/13 MP: 3/3
   512 | D:1      | Reached XP level 2. HP: 17/18 MP: 3/5
   570 | D:1      | Reached skill level 1 in Stealth
   587 | D:1      | Learned a level 2 spell: Sticks to Snakes
   993 | D:1      | Reached XP level 3. HP: 21/23 MP: 6/6
  1273 | D:2      | Learned a level 3 spell: Spider Form
  1363 | D:2      | You fall through a shaft!
  1574 | D:3      | Reached XP level 4. HP: 22/28 MP: 5/7
  1745 | D:3      | Found a glowing drain.
  1762 | Sewer    | Entered a sewer
  1963 | Sewer    | Noticed a crocodile
  2023 | Sewer    | Slain by a crocodile

Vault maps used:
D:1:      dpeg_arrival_shelter
D:2:      bloody_trog, uniq_terence
D:3:      gup_sewer_entry_pipe
Sewer:    sewer_big_baddie

Skill      XL: |  1  2  3  4 |
---------------+-------------+-----
Stealth        | 1 2 |  2.0
Fighting       | |  1.6
Dodging        | |  2.5
Unarmed Combat | |  3.4
Spellcasting   | |  2.5
Transmutations | |  2.6
Poison Magic   | |  0.7

Action                   |  1- 3 |  4- 6 || total
-------------------------+-------+-------++-------
Melee: Unarmed           |    73 |    33 ||   106
       Constrict         |    20 |    10 ||    30
       Kick              |    15 |     8 ||    23
       Tentacles         |     9 |     8 ||    17
       Punch             |     2 |     1 ||     3
 Cast: Beastly Appendage |    13 |     4 ||    17
       Sticks to Snakes  |       |     3 ||     3
  Use: Scroll            |     3 |       ||     3
 Stab: Sleeping          |    13 |       ||    13
  Eat: Ration            |     1 |       ||     1
       Chunk             |     1 |       ||     1
Armor: Skin              |     4 |     5 ||     9
Dodge: Dodged            |    38 |    22 ||    60

Table legend:
 A = Spawn XP
 B = Non-spawn XP
 C = Spawn XP percentage of total XP
 D = Spawn monster count
 E = Non-spawn monster count
 F = Spawn count percentage of total count
 G = Total turns spent on level
                    A         B        C        D         E        F      G
               +---------+---------+-------+---------+---------+-------+---------
         Total |       0 |     132 |   0.0 |       0 |      51 |   0.0 |  2023
               +---------+---------+-------+---------+---------+-------+---------
           D:1 |       0 |      42 |   0.0 |       0 |      24 |   0.0 |  1236
           D:2 |       0 |       8 |   0.0 |       0 |       3 |   0.0 |   127
           D:3 |       0 |      74 |   0.0 |       0 |      19 |   0.0 |   399
         Sewer |       0 |       8 |   0.0 |       0 |       5 |   0.0 |   261
               +---------+---------+-------+---------+---------+-------+---------
